 Dungeon Crawl Stone Soup version 0.31-a0-846-gb3bcc0d938 (webtiles) character file.

Game seed: 12861107661548333371

8490 retardedninja the Covert (level 11, -8/54 HPs)
             Began as a Gargoyle Fire Elementalist on Oct 2, 2023.
             Was a Believer of Vehumet.
             Mangled by a troll (10 damage)
             ... on level 9 of the Dungeon on Oct 3, 2023.
             The game lasted 00:25:26 (14115 turns).

retardedninja the Covert (GrFE)                    Turns: 14115, Time: 00:25:27

Health: -8/54      AC: 18    Str: 12    XL:     11   Next: 31%
Magic:  19/22      EV: 14    Int: 20    God:    Vehumet [**....]
Gold:   419        SH:  0    Dex: 10    Spells: 17/24 levels left

rFire   + . .        c - +3 war axe of the Lair of Beasts {flame, SInv}
rCold   x . .        (no shield)
rNeg    + . .        m - +0 robe
rPois   ∞            p - +2 hat
rElec   +            u - +1 cloak
rCorr   .            D - +2 pair of gloves
SInv    +            q - +0 pair of boots
Will    .....        (no amulet)
Stlth   ++           i - ring of fire
HPRegen 0.29/turn    (no ring)
MPRegen 0.18/turn

%: no passive effects
@: glowing
A: sickness immunity, AC +8, negative energy resistance 1, electricity
resistance, torment resistance 1, petrification resistance
a: Renounce Religion


You were on level 9 of the Dungeon.
You worshipped Vehumet.
Vehumet was pleased with you.
You visited 2 branches of the dungeon, and saw 10 of its levels.

You collected 419 gold pieces.

Inventory:

Hand Weapons
 c - the +3 war axe of the Lair of Beasts (weapon) {flame, SInv}
   (You took it off a gnoll on level 6 of the Dungeon)

   SInv:      It lets you see invisible.
Missiles
 x - 4 throwing nets
Armour
 m - a +0 robe (worn)
 p - a +2 hat (worn)
 q - a +0 pair of boots (worn)
 u - a +1 cloak (worn)
 D - a +2 pair of gloves (worn)
Jewellery
 i - a ring of fire (left hand)
Talismans
 B - a maw talisman
Wands
 v - a wand of flame (26)
 y - a wand of iceblast (3)
Scrolls
 b - 2 scrolls of noise
 g - a scroll of identify
 h - 2 scrolls of blinking
 k - 2 scrolls of vulnerability
 l - 3 scrolls of revelation
 o - 4 scrolls of teleportation
 r - a scroll of amnesia
 w - 5 scrolls of fog
 E - a scroll of poison
Potions
 a - a potion of heal wounds
 d - 3 potions of lignification
 e - 3 potions of might
 f - 2 potions of brilliance
 j - 4 potions of curing
 s - 3 potions of haste
 t - a potion of enlightenment
 z - a potion of attraction
 A - a potion of mutation {unknown}
 C - a potion of berserk rage {unknown}


   Skills:
 + Level 6.6 Dodging
 + Level 9.5 Stealth
 + Level 7.4 Spellcasting
 + Level 8.5 Conjurations
 + Level 8.4 Fire Magic


You had 17 spell levels left.
You knew the following spells:

 Your Spells              Type           Power      Damage    Failure   Level
a - Foxfire               Conj/Fire      100%       2x1d9     1%          1
b - Scorch                Fire           100%       2d9       1%          2
c - Flame Wave            Conj/Fire      58%        2d14      2%          4

Your spell library contained the following spells:

 Spells                   Type           Power      Damage    Failure   Level
 Static Discharge         Conj/Air       48%        2-4/arc   2%          2
 Hailstorm                Conj/Ice       24%        3d7       4%          3
 Inner Flame              Hex/Fire       36%        N/A       4%          3
 Volatile Blastmotes      Fire/Tloc      72%        2d16      4%          3
 Fulminant Prism          Conj/Hex       12%        3d9       16%         4
 Iskenderun's Mystic Bla  Conj/Tloc      24%        2d7       16%         4
 Irradiate                Conj/Tmut      12%        3d15      41%         5
 Petrify                  Tmut/Erth      7%         N/A       65%         4
 Summon Ice Beast         Ice/Summ       7%         N/A       65%         4
 Alistair's Intoxication  Tmut/Pois      4%         N/A       94%         5
 Borgnjor's Vile Clutch   Necr/Erth      3%         N/A       94%         5
 Eringya's Noxious Bog    Tmut/Pois      3%         4d6       100%        6
 Simulacrum               Ice/Necr       3%         N/A       100%        6
 Sublimation of Blood     Necr           Unusable   N/A       N/A         2

Dungeon Overview and Level Annotations

Branches:
Dungeon (9/15)             Temple (1/1) D:6            Lair (0/5) D:9
    Orc: D:9-12

Altars:
Ashenzari
Cheibriados
Dithmenos
Elyvilon
Fedhas
Gozag
Kikubaaqudgha
Makhleb
Nemelex Xobeh
Okawaru
Qazlal
Ru
Uskayaw
Vehumet
Wu Jian
Xom
Yredelemnul
Zin
The Shining One

Annotations:
D:5 1 runed translucent door, Crazy Yiuf
D:9 3 runed translucent doors, tinfoiltophat's ghost, journeyman DjFE


Innate Abilities, Weirdness & Mutations

You are immune to sickness and miasma.
Your stone body is resilient. (AC +8)
You are immune to poison.
You resist negative energy. (rN+)
You are resistant to electric shocks. (rElec)
You are resistant to unholy torment.
You are immune to petrification.


Message History

Confirm with . or Enter, or press ? or * to list all spells.
You feel a surge of power!
Flames lash the troll.
The troll is burned terribly!
The troll is severely wounded.
The troll bites you. The troll barely misses you. x2
Unknown command.
Casting: Scorch (safe; 1% risk of failure)
Confirm with . or Enter, or press ? or * to list all spells.
You don't have enough magic to cast this spell.
Unknown command.
Casting: Scorch (safe; 1% risk of failure)
Confirm with . or Enter, or press ? or * to list all spells.
You don't have enough magic to cast this spell.
You closely miss the troll.
The troll is severely wounded.
The troll barely misses you. The troll claws you. x2
You barely miss the troll.
The troll is severely wounded.
The troll misses you. The troll claws you but does no damage.
The troll claws you. The troll barely misses you. The troll closely misses you.
The troll claws you but does no damage.
You hit the troll. You burn the troll.
The troll is almost dead.
The troll barely misses you. The troll claws you. x2
You are confused.
You feel invigorated. The troll bites you but does no damage.
The troll claws you but does no damage. The troll claws you.
You bump into the rock wall.
The troll bites you. The troll claws you but does no damage.
The troll claws you! The orc hits you but does no damage.
You bump into the rock wall.
The troll bites you!
* * * LOW HITPOINT WARNING * * *
The troll claws you.
* * * LOW HITPOINT WARNING * * *
The troll claws you but does no damage. The orc hits you but does no damage.
You bump into the rock wall.
You feel less invigorated.
You feel less confused. The troll bites you!
* * * LOW HITPOINT WARNING * * *
The troll claws you but does no damage. The troll claws you!
You die...

.6......#.. #o #...
s4.....#.#.[. #...
s.....+.#o. ####...
.....+.#. . ...... .v..+.#
.. #.... §..#.#h.. #....
##..#o.##.
#....#######...#W.#8.
#.....T@.).....#oo##.
#.....o.#####..#o...o
..........#...#.8######
..... ..........'...#....
....#######......'...#.....
...)#.....#......#...#....##
....#.....#......#####....'
....#.....#...............'.
....#.....###'###'#......


You could see a troll (combustible) and an orc.

Vanquished Creatures
  A centaur warrior (D:8)
  Erica (D:9)
  2 two-headed ogres (D:8)
  Amaemon (D:9)
  An orange demon (D:9)
  An efreet (D:8)
  Prince Ribbit (D:5)
  Sigmund (D:5)
  A yak (D:8)
  2 steam dragons
  3 wargs (D:9)
  A water moccasin (D:7)
  Duvessa (D:5)
  3 black bears
  2 orc warriors
  An ice beast (D:7)
  6 centaurs
  A phantom (D:5)
  A kobold brigand (D:5)
  3 bullfrogs
  3 scorpions
  3 gnoll sergeants
  5 wights
  10 killer bees
  Dowan (D:5)
  3 howler monkeys
  A bullfrog zombie (D:4)
  5 orc priests
  2 jellies
  A hound (D:5)
  A sleepcap (D:6)
  3 gnoll boudas
  5 iguanas
  7 orc wizards
  A scorpion zombie (D:4)
  2 hound zombies (D:4)
  A hound skeleton (D:4)
  5 adders
  23 gnolls
  2 shadow imps
  4 ufetubi
  3 adder zombies (D:4)
  2 worms
  3 dart slugs
  14 orcs
  8 ball pythons
  6 endoplasms
  6 giant cockroaches
  12 goblins
  6 hobgoblins
  5 jackals
  A quokka (D:2)
  5 bats
  2 frilled lizards
  28 kobolds
  4 rats
227 creatures vanquished.

Vanquished Creatures (collateral kills)
  9 foxfires
9 creatures vanquished.

Vanquished Creatures (others)
  An orc wizard (D:4)
  844 foxfires
845 creatures vanquished.

Grand Total: 1081 creatures vanquished

Notes
Turn   | Place    | Note
-------+----------+-------------------------------------------
     0 | D:1      | retardedninja the Gargoyle Fire Elementalist began the
                  | quest for the Orb.
     0 | D:1      | Reached XP level 1. HP: 10/10 MP: 3/3
   375 | D:1      | Reached XP level 2. HP: 15/15 MP: 0/5
   740 | D:1      | Learned a level 2 spell: Scorch
  1254 | D:1      | Reached XP level 3. HP: 19/19 MP: 3/6
  2150 | D:2      | Reached skill level 3 in Stealth
  2150 | D:2      | Reached XP level 4. HP: 24/24 MP: 1/7
  2877 | D:2      | Identified the +0 robe of Ignis's Indignation {*Corrode rC+
                  | Will+ Str+3}
  3166 | D:3      | Found a broken altar of Ashenzari.
  3520 | D:3      | Reached XP level 5. HP: 7/28 MP: 5/9
  4834 | D:4      | Reached XP level 6. HP: 32/32 MP: 6/10
  5430 | D:4      | Reached skill level 4 in Stealth
  5521 | D:4      | Found an ornate altar of the Wu Jian Council.
  5640 | D:5      | Entered Level 5 of the Dungeon
  5641 | D:5      | Noticed a black bear
  5654 | D:5      | Killed a black bear
  5655 | D:5      | Reached XP level 7. HP: 34/36 MP: 5/12
  6319 | D:5      | Killed Sigmund
  6320 | D:5      | Reached skill level 5 in Stealth
  6423 | D:5      | Reached XP level 8. HP: 41/41 MP: 10/14
  6526 | D:5      | Noticed Prince Ribbit
  6545 | D:5      | Killed Prince Ribbit
  6546 | D:5      | Reached skill level 5 in Fire Magic
  6601 | D:5      | Noticed Duvessa
  6608 | D:5      | Killed Duvessa
  6651 | D:5      | Identified the +5 ring mail of Ucoulix {Will+}
  7492 | D:5      | Noticed Dowan
  7496 | D:5      | Killed Dowan
  7497 | D:5      | Reached skill level 5 in Conjurations
  7990 | D:5      | Found a runed translucent door.
  7991 | D:5      | Noticed Crazy Yiuf
  8240 | D:6      | Reached skill level 6 in Stealth
  8525 | D:6      | Identified the +3 war axe of the Lair of Beasts {flame,
                  | SInv}
  8529 | D:6      | Reached XP level 9. HP: 45/45 MP: 12/16
  8599 | D:6      | Reached skill level 5 in Spellcasting
  8739 | D:6      | Found a shimmering altar of Xom.
  8959 | D:6      | Found a staircase to the Ecumenical Temple.
  9006 | Temple   | Entered the Ecumenical Temple
  9015 | Temple   | Became a worshipper of Vehumet
  9618 | D:6      | Learned a level 4 spell: Flame Wave
 10295 | D:7      | Reached skill level 7 in Stealth
 10940 | D:7      | Reached skill level 5 in Dodging
 11401 | D:8      | Found a glowing silver altar of Zin.
 12156 | D:8      | Reached * piety under Vehumet
 12156 | D:8      | Offered knowledge of Sandblast by Vehumet.
 12157 | D:8      | Reached XP level 10. HP: 45/50 MP: 5/19
 12341 | D:8      | Noticed a two-headed ogre
 12787 | D:8      | Killed a two-headed ogre
 12788 | D:8      | Reached skill level 8 in Stealth
 12790 | D:8      | Noticed a two-headed ogre
 12806 | D:8      | Killed a two-headed ogre
 12972 | D:8      | Noticed a centaur warrior
 12981 | D:8      | Killed a centaur warrior
 13490 | D:9      | Upgraded the game from 0.31-a0-845-g9abc20d24f to
                  | 0.31-a0-846-gb3bcc0d938
 13520 | D:9      | Reached skill level 9 in Stealth
 13522 | D:9      | Reached XP level 11. HP: 49/54 MP: 13/21
 13935 | D:9      | Found a staircase to the Lair.
 13958 | D:9      | Offered knowledge of Static Discharge by Vehumet.
 14006 | D:9      | Noticed Erica
 14028 | D:9      | Killed Erica
 14028 | D:9      | Reached ** piety under Vehumet
 14076 | D:9      | Found a runed translucent gate.
 14077 | D:9      | Found a runed translucent gate.
 14077 | D:9      | Found a runed translucent gate.
 14077 | D:9      | Noticed tinfoiltophat's ghost (journeyman DjFE)
 14079 | D:9      | Noticed Amaemon
 14103 | D:9      | Killed Amaemon
 14115 | D:9      | HP: 2/54 [troll (9)]
 14115 | D:9      | Mangled by a troll

Illustrated notes

Levels and vault maps discovered:
D:1:      ncdulo_smallfort, layout_basic
D:2:      layout_loops_ring
D:3:      layout_loops_ring, mainiacjoe_overflow_small_starburst
D:4:      layout_loops_ring, nzn_wu_jian_council_hall, serial_undead,
          serial_undead_d, serial_undead_b, serial_undead_e, serial_undead_c,
          minmay_unequal
D:5:      kennysheep_kobold_camp, layout_basic, uniq_prince_ribbit1,
          uniq_crazy_yiuf_cottage, uniq_sigmund, uniq_duvessa
D:6:      layout_cave_pools, nicolae_overflow_crystal_walls,
          minmay_temple_entry_gardened_gates, eino_curves_04
D:7:      layout_rooms, lightli_corner_chamber
D:8:      kennysheep_windowed_halls, layout_basic, mainiacjoe_overflow_catwalk
D:9:      layout_irregular_city, mainiacjoe_overflow_brackets,
          erik_lair_orcish_takeover, biasface_ghost_orc_armoury, uniq_erica,
          uniq_joseph, uniq_amaemon, uniq_maggie
Temple:   eino_wide_crystal_templ

Skill      XL: |  1  2  3  4  5  6  7  8  9 10 |
---------------+-------------------------------+-----
Dodging        | 2 3 4 5 6 |  6.6
Conjurations   | 2 3 4 5 6 8 |  8.5
Stealth        | 3 4 5 6 7 9 |  9.5
Spellcasting   | 3 4 6 7 |  7.4
Fire Magic     | 4 5 6 8 |  8.4

Action                     |  1- 3 |  4- 6 |  7- 9 | 10-12 || total
---------------------------+-------+-------+-------+-------++-------
  Melee: Mace              |    23 |    39 |    36 |       ||    98
         Punch             |       |     1 |       |       ||     1
         War axe           |       |       |       |    25 ||    25
   Cast: Foxfire           |    98 |   142 |   214 |    48 ||   502
         Scorch            |     4 |    13 |    86 |    33 ||   136
         Flame Wave        |       |       |     1 |    10 ||    11
  Evoke: Wand              |       |       |     1 |     5 ||     6
    Use: Potion            |       |     3 |     5 |     5 ||    13
         Scroll            |       |     5 |    14 |       ||    19
 Armour: Robe              |    16 |    87 |   226 |   104 ||   433
  Dodge: Dodged            |    40 |    85 |   168 |    93 ||   386

Table legend: (Time is in decaauts)
 A = Elapsed time spent in this place.
 B = Non-inter-level travel time spent in this place.
 C = Inter-level travel time spent in this place.
 D = Time resting spent in this place.
 E = Time spent auto-exploring this place.
 F = Levels seen in this place.
 G = Mean time per level.
                   A        B        C        D        E       F      G
               +--------+--------+--------+--------+--------+-----+--------+
         Total |  14194 |  13935 |    259 |   2867 |   8596 |  10 | 1419.4 |
       Dungeon |  14175 |  13932 |    243 |   2867 |   8596 |   9 | 1575.0 |
        Temple |     18 |      2 |     16 |      0 |      0 |   1 |   18.0 |
               +--------+--------+--------+--------+--------+-----+--------+

Top non-repeatable levels by time:
     D:6: 2650 daAuts
     D:5: 2191 daAuts
     D:8: 2122 daAuts
     D:1: 1649 daAuts
     D:4: 1552 daAuts
     D:3: 1484 daAuts
     D:2: 1289 daAuts
     D:9: 663 daAuts
     D:7: 572 daAuts
  Temple: 18 daAuts
